 Dungeon Crawl Stone Soup version 0.17-a0-1997-ga88ed7d (webtiles) character file.

9056 Ordine the Carver (level 11, -1/86 HPs)
             Began as an Octopode Fighter on Oct 8, 2015.
             Was an Elder of Dithmenos.
             Slain by a four-headed hydra (11 damage)
             ... on level 11 of the Dungeon.
             The game lasted 00:51:25 (12848 turns).

Ordine the Carver (Octopode Fighter)               Turns: 12848, Time: 00:51:26

Health: -1/86      AC:  6    Str: 15    XL:     11   Next: 40%
Magic:  11/11      EV: 12    Int: 12    God:    Dithmenos [****..]
Gold:   479        SH: 10    Dex: 21    Spells: 2 memorised, 6 levels left

rFire  . . .     SeeInvis .     I - +0 dagger
rCold  + . .     Clarity  +     b - +1 shield
rNeg   + . .     SustAt   .     (helmet restricted)
rPois  .         Gourm    .     c - amulet of clarity
rElec  .         Spirit   .     p - +5 ring of dexterity
rCorr  .         Warding  .     q - +5 ring of protection
rMut   .         Stasis   .     n - ring of wizardry
MR     .....                    A - ring of positive energy
Stlth  ++++++....               D - ring of flight
                                K - ring of stealth
                                v - ring of protection from cold
                                (no ring)

@: exhausted, slowed, wreathed by umbra, very slow, not resistant to hostile
enchantments, very stealthy
A: almost no armour, amphibious, 8 rings, constrict 8, camouflage 1, clever 1,
gelatinous body 1, no device heal 1, MP-powered wands
a: Shadow Step, Renounce Religion, Evoke Flight


You were on level 11 of the Dungeon.
You worshipped Dithmenos.
Dithmenos was greatly pleased with you.
You were very hungry.

You visited 2 branches of the dungeon, and saw 12 of its levels.

You collected 573 gold pieces.
You spent 94 gold pieces at shops.

Inventory:

Hand Weapons
 a - a +1 long sword
 e - a +0 blowgun
 I - a +0 dagger (weapon)
Missiles
 f - 191 stones (quivered)
 h - 83 poisoned needles
 o - 6 tomahawks
 w - 4 needles of sleeping
Armour
 b - a +1 shield (worn)
Magical Staves
 y - an uncursed staff of poison
 H - an uncursed staff of air
Jewellery
 c - an amulet of clarity (around mantle)
 n - a ring of wizardry (on tentacle)
 p - a +5 ring of dexterity (left tentacle)
 q - a +5 ring of protection (right tentacle)
 v - a ring of protection from cold (on tentacle)
 A - a ring of positive energy (on tentacle)
 D - a ring of flight (on tentacle)
 K - a ring of stealth (on tentacle)
Wands
 s - a wand of magic darts (23)
 J - a wand of digging (5)
Scrolls
 g - 5 scrolls of remove curse
 m - 4 scrolls of recharging
 x - 5 scrolls of identify
 B - a scroll of enchant armour
 C - 2 scrolls of blinking
 E - 2 scrolls of teleportation
Potions
 i - 7 potions of brilliance
 j - 2 potions of flight
 k - 2 potions of heal wounds
 t - 3 potions of curing
 u - a potion of resistance
Books
 G - a book of Minor Magic

   Spells                             Type                      Level
   a - Magic Dart                     Conjuration                  1
   b - Blink                          Translocation                2
   c - Call Imp                       Summoning                    2
   d - Repel Missiles                 Charms/Air                   2
   e - Slow                           Hexes                        2
   f - Conjure Flame                  Conjuration/Fire             3
   g - Mephitic Cloud                 Conjuration/Poison/Air       3
Comestibles
 d - 5 bread rations
 l - 26 fruits
 z - 3 meat rations
 F - a royal jelly


   Skills:
 + Level 12.3 Fighting
 + Level 12.4 Long Blades
 - Level 3.0 Dodging
 - Level 3.0 Shields


You had 6 spell levels left.
You knew the following spells:

 Your Spells              Type           Power        Failure   Level  Hunger
a - Repel Missiles        Chrm/Air       #.....       89%         2    ###....
b - Blink                 Tloc           N/A          89%         2    ###....


Dungeon Overview and Level Annotations

Branches:
Dungeon (11/15)            Temple (1/1) D:4
   Lair: D:8-11         Orc: D:9-12

Altars:
Ashenzari
Cheibriados
Dithmenos
Elyvilon
Fedhas
Gozag
Kikubaaqudgha
Makhleb
Nemelex Xobeh
Okawaru
Qazlal
Ru
Sif Muna
Trog
Vehumet
Xom
Yredelemnul
Zin
The Shining One

Shops:
D:5 *   D:11 !*


Innate Abilities, Weirdness & Mutations

You cannot wear most types of armour.
You are amphibious.
You can wear up to eight rings at the same time.
You can use your tentacles to constrict eight enemies at once.
Your skin changes colour to match your surroundings (Stealth).
Your rubbery body absorbs attacks (AC +1).
Your mind is acute. (Int +2)
Potions and wands are less effective at restoring your health.
You expend magic power (3 MP) to strengthen your wands.


Message History

You block the rat's attack.
You hit the four-headed hydra.
The four-headed hydra is almost dead.
Your shadow barely misses the four-headed hydra.
You block the four-headed hydra's attack.
The four-headed hydra bites you!
* * * LOW HITPOINT WARNING * * *
You block the four-headed hydra's attack.
The four-headed hydra bites you!
* * * LOW HITPOINT WARNING * * *
The rat misses you.
Drink which item? (? for menu, Esc to quit)
You feel much better.
You block the four-headed hydra's attack. x3
The four-headed hydra bites you.
* * * LOW HITPOINT WARNING * * *
The rat misses you. The four-headed hydra bites you.
* * * LOW HITPOINT WARNING * * *
The four-headed hydra bites you!
You die...

#.r≈.≈≈≈≈.#
#..P≈≈≈≈..# .♣≈♣≈≈≈≈P#
#..≈.≈≈≈≈#########
...♣.≈≈P.........# #.
# #.P♣.....###### #..
#..#.....# #?..
#.##.....######
#...####.####...@D...#
.................r...#
...................<.#
...###....(..........#
...# #...(...........#
...###..(............#
.......(.............#
.....................#
.......######.....##.#


You could see a four-headed hydra and a rat.

Vanquished Creatures
  The ghost of blinkfrog the Geomancer, a novice FoEE of Cheibriados (D:7)
  A hill giant (D:10)
  Joseph (D:9)
  The ghost of Ordine the Skirmisher, a novice OpFi of Dithmenos (D:4)
  A troll (D:10)
  12 yaks (D:10)
  A wyvern (D:11)
  An ice beast (D:10)
  5 orc warriors
  4 water moccasins
  2 ogres
  4 phantoms
  7 centaurs
  4 big kobolds
  A giant frog (D:10)
  A gnoll sergeant (D:6)
  7 scorpions
  9 killer bees
  3 wights (D:6)
  2 giant frog zombies
  3 jellies
  2 crimson imps
  3 quasits
  8 hounds
  A giant frog skeleton (D:8)
  12 orc wizards
  Ijyb (D:2)
  A centaur skeleton (D:7)
  An iguana (D:5)
  11 worker ants
  5 orc priests
  2 killer bee zombies
  A hound skeleton (D:7)
  2 worker ant zombies
  10 adders
  18 gnolls
  2 shadow imps
  3 adder skeletons
  2 worms
  8 giant geckos
  42 orcs
  A ball python (D:3)
  9 bats
  9 hobgoblins
  11 jackals
  4 quokkas
  7 giant cockroaches
  A giant gecko skeleton (D:8)
  5 giant newts
  10 goblins
  2 jackal skeletons (D:7)
  A jackal zombie (D:9)
  23 kobolds
  5 rats
  A butterfly (D:5)
295 creatures vanquished.

Vanquished Creatures (others)
  A kobold (D:3)
  11 fungi (D:11)
  4 plants (D:11)
16 creatures vanquished.

Grand Total: 311 creatures vanquished

Notes
Turn   | Place    | Note
--------------------------------------------------------------
     0 | D:1      | Ordine the Octopode Fighter began the quest for the Orb.
     0 | D:1      | Reached XP level 1. HP: 16/16 MP: 1/1
   210 | D:1      | Reached XP level 2. HP: 18/21 MP: 2/2
  1023 | D:2      | Noticed Ijyb
  1029 | D:2      | Killed Ijyb
  1029 | D:2      | Reached skill level 4 in Fighting
  1029 | D:2      | Reached XP level 3. HP: 19/27 MP: 3/3
  1068 | D:2      | Reached XP level 4. HP: 20/33 MP: 4/4
  1274 | D:2      | Found a glowing silver altar of Zin.
  1407 | D:2      | Found a stormy altar of Qazlal.
  2004 | D:3      | Reached XP level 5. HP: 13/38 MP: 5/5
  2604 | D:3      | Found a radiant altar of Vehumet.
  2898 | D:3      | Found a sacrificial altar of Ru.
  3205 | D:3      | Reached skill level 5 in Fighting
  3616 | D:4      | Reached XP level 6. HP: 26/45 MP: 6/6
  3835 | D:4      | Found a staircase to the Ecumenical Temple.
  3844 | Temple   | Entered the Ecumenical Temple
  3901 | Temple   | Became a worshipper of Dithmenos the Shadowed
  3943 | D:4      | Noticed a phantom
  4382 | D:4      | Reached skill level 5 in Long Blades
  4393 | D:4      | Found an ancient bone altar of Kikubaaqudgha.
  4406 | D:4      | Reached XP level 7. HP: 51/51 MP: 7/7
  4444 | D:4      | Noticed Ordine's ghost (novice OpFi)
  4453 | D:4      | Killed Ordine's ghost
  4453 | D:4      | Reached skill level 6 in Fighting
  4480 | D:4      | Killed a phantom
  4726 | D:5      | Entered Level 5 of the Dungeon
  4728 | D:5      | Reached XP level 8. HP: 50/58 MP: 8/8
  4815 | D:5      | Reached skill level 7 in Fighting
  5133 | D:5      | Found Yna Poam's General Store.
  5139 | D:5      | Bought 4 needles of sleeping for 22 gold pieces
  5248 | D:5      | Found a runed door.
  5274 | D:5      | Found a runed door.
  5417 | D:5      | Reached skill level 8 in Fighting
  5668 | D:6      | Found a radiant altar of Vehumet.
  5810 | D:6      | Reached XP level 9. HP: 58/67 MP: 9/9
  6157 | D:6      | Acquired Dithmenos's first power
  6348 | D:6      | Reached skill level 9 in Fighting
  6582 | D:7      | Noticed blinkfrog's ghost (novice FoEE)
  6613 | D:7      | Killed blinkfrog's ghost
  7060 | D:7      | Reached skill level 10 in Fighting
  7112 | D:7      | Reached skill level 10 in Long Blades
  7651 | D:7      | Reached XP level 10. HP: 76/76 MP: 10/10
  8016 | D:7      | Acquired Dithmenos's second power
  8032 | D:7      | Found a burning altar of Makhleb.
  8033 | D:7      | Found an iron altar of Okawaru.
 10079 | D:9      | Learned a level 2 spell: Repel Missiles
 10082 | D:9      | Learned a level 2 spell: Blink
 10740 | D:9      | Gained mutation: Your mind is acute. (Int +2) [potion of mutation]
 10740 | D:9      | Gained mutation: Potions and wands are less effective at restoring your health. [potion of mutation]
 10740 | D:9      | Gained mutation: You expend magic power (3 MP) to strengthen your wands. [potion of mutation]
 10838 | D:9      | Noticed Joseph
 10847 | D:9      | Killed Joseph
 10847 | D:9      | Reached skill level 11 in Fighting
 10865 | D:10     | Entered Level 10 of the Dungeon
 11319 | D:10     | Reached XP level 11. HP: 65/85 MP: 11/11
 11323 | D:10     | Noticed a hill giant
 11362 | D:10     | Killed a hill giant
 11533 | D:10     | Reached skill level 12 in Long Blades
 11536 | D:10     | Acquired Dithmenos's third power
 12315 | D:11     | Noticed a four-headed hydra
 12717 | D:11     | Found Qiverch's General Store.
 12720 | D:11     | Bought 12 poisoned needles for 72 gold pieces
 12736 | D:11     | Found Saemegg's Distillery.
 12842 | D:11     | HP: 3/129 [four-headed hydra (14)]
 12847 | D:11     | HP: 1/86 [four-headed hydra (10)]
 12848 | D:11     | Slain by a four-headed hydra

Vault maps used:
D:1:      mrwooster_arrival_arrow
D:2:      minmay_door_path, lemuel_crystal_altar, grunt_qazlal_sundering,
          uniq_iyjb
D:3:      nicolae_ru_great_annihilating_truth, fiery_altar_vehumet, first_bread
D:4:      lemuel_crystal_altar
D:5:      lemuel_insect_pit, serial_shops, shop, minmay_misc_feat_more_columns
D:6:      serial_glass, glass_columns_a, glass_columns_a,
          minmay_misc_feat_roman, minmay_strange_pillars, vehumet_altar_wand_db
D:7:      gammafunk_temple_overflow_pools
D:9:      uniq_joseph
D:11:     grunt_lair_entry_elf_guard_hut, orc_0_dummy, serial_shops,
          nicolae_shop_behind_doors, nicolae_shop_waterfront, shop,
          lab_entry_generic, blue_anna_alchemist, serial_bayou_pond_b,
          minmay_beelzebubs_servants
Temple:   nicolae_temple_god_jail

Action                   |  1- 3 |  4- 6 |  7- 9 | 10-12 || total
-------------------------+-------+-------+-------+-------++-------
Melee: Long sword        |    48 |   129 |   256 |   384 ||   817
       Dagger            |       |       |       |    10 ||    10
 Fire: Blowgun           |       |     5 |    15 |    11 ||    31
Throw: Stone             |       |     3 |     4 |     1 ||     8
       Throwing net      |       |       |     2 |     2 ||     4
       Tomahawk          |       |       |       |    20 ||    20
  Use: Scroll            |       |    14 |     3 |     6 ||    23
       Potion            |       |     2 |     4 |     5 ||    11
 Stab: Sleeping          |     5 |     4 |     6 |     7 ||    22
       Distracted        |       |     1 |     1 |     2 ||     4
       Invisible         |       |     2 |       |       ||     2
       Paralysed         |       |     1 |       |       ||     1
       Held in net/web   |       |       |       |     3 ||     3
  Eat: Chunk             |       |     6 |     8 |    16 ||    30
       Bread ration      |       |     1 |     1 |       ||     2
